 Dungeon Crawl Stone Soup version 0.32-a0-120-gfac0567ad4 (webtiles) character file.

Game seed: 1461126420727190811

70 cforsyth the Magician (level 4, -6/35 HPs)
             Began as a Djinni Warper on Feb 6, 2024.
             Was a Believer of Nemelex Xobeh.
             Mangled by an iguana (8 damage)
             ... on level 3 of the Dungeon.
             The game lasted 00:02:39 (2447 turns).

cforsyth the Magician (Djinni Warper)               Turns: 2447, Time: 00:02:39

Health: -6/35      AC:  3    Str: 10    XL:     4   Next: 44%
Gold:   127        EV: 11    Int: 16    God:    Nemelex Xobeh [**....] SH:  0 Dex: 13

rFire   + + .        (no weapon)
rCold   . . .        (no shield)
rNeg    . . .        b - +0 leather armour
rPois   ∞            (no helmet)
rElec   .            (no cloak)
rCorr   .            (no gloves)
SInv    .            (boots unavailable)
Will    .....        (no amulet)
Stlth   +            F - ring of protection from fire
HPRegen 0.25/turn    C - ring of ice
MPRegen 0.00/turn

%: infuse magic (-7 HP)
@: flying
A: sickness immunity, fire resistance 2, cold vulnerability 1, float, innate
caster, HP casting, extra vitality 1
a: Renounce Religion, Draw Escape, Draw Destruction, Draw Summoning


You were on level 3 of the Dungeon.
You worshipped Nemelex Xobeh.
Nemelex Xobeh was pleased with you.
You visited 1 branch of the dungeon, and saw 3 of its levels.

You collected 127 gold pieces.


Innate Abilities, Weirdness & Mutations

You are immune to sickness and miasma.
You are immune to poison.
Your flesh is very heat resistant. (rF++)
You are vulnerable to cold. (rC-)
You float through the air rather than walking.
You learn spells naturally, not from books.
Your magical power is your life essence.
You have superior vitality. (+4 MHP)


   Skills:
 + Level 3.3 Fighting
 - Level 1.7 Long Blades
 - Level 0.7 Throwing
 - Level 1.0 Armour
 - Level 2.1 Dodging
 + Level 3.6 Spellcasting
 + Level 3.6 Conjurations
 + Level 3.6 Hexes
 + Level 3.6 Summonings
 + Level 3.6 Necromancy
 + Level 3.6 Translocations
 + Level 3.6 Fire Magic
 + Level 3.6 Ice Magic
 + Level 3.6 Air Magic
 + Level 3.6 Earth Magic
 + Level 3.6 Alchemy


You knew the following spells:

 Your Spells              Type           Power      Damage    Failure   Level
d - Magic Dart            Conj           56%        1d5       5%          1
l - Lesser Beckoning      Tloc           28%        N/A       9%          2
m - Manifold Assault      Tloc           14%        N/A       47%         4
t - Teleport Other        Tloc           14%        N/A       16%         3
B - Blink                 Tloc           28%        N/A       9%          2
X - Vhi's Electric Charg  Tloc/Air       28%        N/A       47%         4
Your spell library was empty.

Inventory:

Hand Weapons
 a - a +0 falchion
Missiles
 d - 7 darts of dispersal {=f=f}
 l - 4 poisoned darts
Armour
 b - a +0 leather armour (worn)
Jewellery
 f - a ring of protection from fire
 C - a ring of ice (right hand)
 F - a ring of protection from fire (left hand)
Scrolls
 c - 2 scrolls of blinking
 e - a scroll of vulnerability {unknown}
 h - 3 scrolls of identify {unknown}
 k - a scroll of poison {unknown}
 m - 2 scrolls of immolation {unknown}
 n - a scroll of silence {unknown}
 p - a scroll of butterflies {unknown}
Potions
 g - 2 potions of lignification {unknown}
 i - a potion of heal wounds {unknown}
 j - a potion of brilliance {unknown}
 o - a potion of degeneration {unknown}

Dungeon Overview and Level Annotations

Branches:
Dungeon (3/15)

Altars:
Nemelex Xobeh

### #.#############
#.............#
#.###########.# #.#
#.# # #.# #.#
###.####.###########.#
.......#.............#
......l@.............#
###.####.............#
#............##
#............#
#.####+#.##### .. #.#
#.#.# ##.. #.# #.#.#
... ##.####.#.# #.#
..........#


You could see an iguana.


Message History

Casting: Magic Dart (safe; 5% risk of failure)
Confirm with . or Enter, or press ? or * to list all spells.
Aiming: Magic Dart (safe; 5% risk of failure)
Press: ? - help, Shift-Dir - straight line, f/p - iguana
Aim: an iguana (almost dead, 100% to hit)
The magic dart hits the iguana but does no damage.
The iguana is almost dead.
* * * LOW HITPOINT WARNING * * *
The iguana misses you.
Unknown command.
Casting: Magic Dart (safe; 5% risk of failure)
Confirm with . or Enter, or press ? or * to list all spells.
Aiming: Magic Dart (safe; 5% risk of failure)
Press: ? - help, Shift-Dir - straight line, f/p - iguana
Aim: an iguana (almost dead, 100% to hit)
The magic dart hits the iguana but does no damage.
The iguana is almost dead.
* * * LOW HITPOINT WARNING * * *
The iguana misses you.
Casting: Magic Dart (safe; 5% risk of failure)
Confirm with . or Enter, or press ? or * to list all spells.
Aiming: Magic Dart (safe; 5% risk of failure)
Press: ? - help, Shift-Dir - straight line, f/p - iguana
Aim: an iguana (almost dead, 100% to hit)
The magic dart hits the iguana but does no damage.
The iguana is almost dead.
* * * LOW HITPOINT WARNING * * *
The iguana bites you!
You die...
Your body disappears without a glow.

Skill      XL: |  1  2  3 |
---------------+----------+-----
Spellcasting   | 3 |  3.6
Conjurations   | 3 |  3.6
Hexes          | 3 |  3.6
Summonings     | 3 |  3.6
Necromancy     | 3 |  3.6
Translocations | 3 |  3.6
Fire Magic     | 3 |  3.6
Ice Magic      | 3 |  3.6
Air Magic      | 3 |  3.6
Earth Magic    | 3 |  3.6
Alchemy        | 3 |  3.6
Fighting       | 3 |  3.3
Long Blades    | |  1.7
Throwing       | |  0.7
Armour         | |  1.0
Dodging        | |  2.1

Action                     |  1- 3 |  4- 6 || total
---------------------------+-------+-------++-------
  Melee: Falchion          |    47 |       ||    47
   Cast: Magic Dart        |    25 |    30 ||    55
         Blink             |       |     1 ||     1
 Armour: Leather armour    |    32 |     5 ||    37
  Dodge: Dodged            |    38 |     8 ||    46

Levels and vault maps discovered:
D:1:      minmay_arrival_stone_box, layout_basic, shapermc_ecumenical_altar_gd,
          minmay_strange_pillars
D:2:      layout_loops_corners, lemuel_flame_loot_1
D:3:      layout_basic, serial_shops, nicolae_shop_just_a_little_nook,
          minmay_joined_circles, uniq_natasha

Notes
Turn   | Place    | Note
-------+----------+-------------------------------------------
     0 | D:1      | cforsyth the Djinni Warper began the quest for the Orb.
     0 | D:1      | cforsyth set off with the following spells memorised:
                  | Blink, Lesser Beckoning, Teleport Other, Manifold Assault,
                  | Vhi's Electric Charge.
     0 | D:1      | Reached XP level 1. HP: 18/18 MP: 0/0
    78 | D:1      | Reached skill level 3 in Spellcasting
    78 | D:1      | Reached skill level 3 in Conjurations
    78 | D:1      | Reached skill level 3 in Hexes
    78 | D:1      | Reached skill level 3 in Summonings
    78 | D:1      | Reached skill level 3 in Necromancy
    78 | D:1      | Reached skill level 3 in Translocations
    78 | D:1      | Reached skill level 3 in Fire Magic
    78 | D:1      | Reached skill level 3 in Ice Magic
    78 | D:1      | Reached skill level 3 in Air Magic
    78 | D:1      | Reached skill level 3 in Earth Magic
    78 | D:1      | Reached skill level 3 in Alchemy
   225 | D:1      | Reached XP level 2. HP: 21/23 MP: 0/0
   283 | D:1      | Found a faded altar of an unknown god.
   689 | D:1      | Prayed at the altar of an unknown god.
   689 | D:1      | Became a worshipper of Nemelex Xobeh the Trickster
   689 | D:1      | Reached * piety under Nemelex Xobeh
   799 | D:2      | Received a gift from Nemelex Xobeh
   839 | D:2      | Reached XP level 3. HP: 25/29 MP: 0/0
   839 | D:2      | Learned a level 1 spell: Magic Dart
  1080 | D:2      | Reached skill level 3 in Fighting
  1321 | D:2      | Reached ** piety under Nemelex Xobeh
  1348 | D:2      | Received a gift from Nemelex Xobeh
  1954 | D:3      | Noticed Natasha
  1959 | D:3      | Killed Natasha
  1960 | D:3      | Reached XP level 4. HP: 31/35 MP: 0/0
  2447 | D:3      | Mangled by an iguana

Vanquished Creatures
  Natasha (D:3)
  An adder (D:2)
  A dart slug (D:2)
  4 ball pythons
  2 bats
  4 endoplasms
  3 giant cockroaches
  4 goblins
  4 hobgoblins
  A quokka (D:1)
  A frilled lizard (D:2)
  3 kobolds
  4 rats
33 creatures vanquished.

Table legend: (Time is in decaauts)
 A = Elapsed time spent in this place.
 B = Non-inter-level travel time spent in this place.
 C = Inter-level travel time spent in this place.
 D = Time resting spent in this place.
 E = Time spent auto-exploring this place.
 F = Levels seen in this place.
 G = Mean time per level.
                   A        B        C        D        E       F      G
               +--------+--------+--------+--------+--------+-----+--------+
         Total |   2457 |   2350 |    107 |    156 |   1863 |   3 |  819.0 |
       Dungeon |   2457 |   2350 |    107 |    156 |   1863 |   3 |  819.0 |
               +--------+--------+--------+--------+--------+-----+--------+

Top non-repeatable levels by time:
     D:2: 1346 daAuts
     D:1: 718 daAuts
     D:3: 391 daAuts

Table legend:
 A = Non-vault XP
 B = Vault XP
 C = Vault XP percentage of total XP
 D = Non-vault monster count
 E = Vault monster count
 F = Vault count percentage of total count
                 A         B        C        D         E       F
            +---------+---------+-------+---------+---------+-------
      Total |      63 |      37 |  37.0 |      30 |       3 |   9.1
            +---------+---------+-------+---------+---------+-------
        D:1 |      22 |       0 |   0.0 |      14 |       0 |   0.0
        D:2 |      34 |       0 |   0.0 |      12 |       0 |   0.0
        D:3 |       7 |      37 |  84.1 |       4 |       3 |  42.9
            +---------+---------+-------+---------+---------+-------
